 Dungeon Crawl Stone Soup version 0.28.0 (webtiles) character file.

Game seed: 3520705769130537651

2782 issech the Basher (level 9, -1/88 HPs)
             Began as a Troll Monk on Feb 13, 2022.
             Slain by Harold (8 damage)
             ... on level 6 of the Dungeon.
             The game lasted 00:26:42 (6320 turns).

issech the Basher (Troll Monk)                      Turns: 6320, Time: 00:26:43

Health: -1/88      AC: 18    Str: 21    XL:     9   Next: 43%
Magic:  8/8        EV: 12    Int:  6    God:
Gold:   290        SH:  0    Dex: 16    Spells: 8/8 levels left

rFire   . . .      SeeInvis .   u - +1 mace (protect)
rCold   . . .      Faith    .   (no shield)
rNeg    . . .      Spirit   .   n - +2 animal skin
rPois   +          Reflect  .   (helmet restricted)
rElec   .          Harm     .   w - +0 cloak
rCorr   .          Rampage  .   (gloves unavailable)
Will    .....                   (boots unavailable)
Stlth   ++........              (no amulet)
HPRegen 1.04/turn               B - +4 ring of protection
MPRegen 0.11/turn               F - ring of poison resistance

@: marked, under a protective aura
A: large, unfitting armour, claws 3, regeneration 1, shaggy fur 1, tough skin 1
a: no special abilities


You were on level 6 of the Dungeon.
You visited 1 branch of the dungeon, and saw 7 of its levels.

You collected 334 gold pieces.
You spent 44 gold pieces at shops.

Inventory:

Hand Weapons
 a - the +2 dagger of the Crushed Allies {vamp, *Rage rF+ Dex+5 SInv}
   (You found it on level 3 of the Dungeon)

   It occasionally heals its wielder for a portion of the damage dealt when it
   wounds a living foe.
   Dex:       It affects your dexterity (+5).
   rF:        It protects you from fire.
   SInv:      It lets you see invisible.
   *Rage:     It berserks you when you make melee attacks (+20% chance).
 b - a +0 hunting sling
 r - a +0 short sword of venom
 u - a +1 mace of protection (weapon)
 v - a +4 quarterstaff of chaos
 x - a +3 mace
 G - a +0 giant club
 M - a +0 shortbow
 R - a +0 war axe
 S - a +1 morningstar of venom
Missiles
 f - 148 stones (quivered)
 g - 5 javelins
 p - 75 sling bullets
 q - 85 arrows
 I - 4 throwing nets
 J - 5 boomerangs
 L - 17 poisoned darts
 O - 19 bolts
Armour
 n - a +2 animal skin (worn)
 w - a +0 cloak (worn)
 y - the +0 robe of Theory {Rampage rPois}
   (You found it on level 4 of the Dungeon)

   rPois:     It protects you from poison.
   Rampage:   It bestows one free step when moving towards enemies.
Magical Staves
 P - a staff of earth
Jewellery
 B - a +4 ring of protection (left claw)
 F - a ring of poison resistance (right claw)
Wands
 l - a wand of polymorph (6)
Scrolls
 c - 4 scrolls of teleportation
 i - 5 scrolls of immolation
 j - a scroll of amnesia
 s - 3 scrolls of noise
 t - a scroll of brand weapon {unknown}
 z - a scroll of enchant armour {unknown}
 C - 2 scrolls of vulnerability {unknown}
 H - a scroll of fear {unknown}
 K - a scroll of torment {unknown}
Potions
 d - 2 potions of brilliance {unknown}
 e - 3 potions of lignification {unknown}
 h - 4 potions of curing
 k - 4 potions of mutation {unknown}
 m - a potion of flight {unknown}
 o - a potion of attraction {unknown}
 A - a potion of berserk rage {unknown}
 D - a potion of might
 E - a potion of magic {unknown}
 N - a potion of degeneration {unknown}


   Skills:
 + Level 5.6 Fighting
 + Level 8.7 Maces & Flails
 + Level 5.9 Dodging
 + Level 2.1 Stealth


You had 8 spell levels left.
You didn't know any spells.
Your spell library contained the following spells:

 Spells                   Type           Power      Damage    Failure   Level
 Animate Skeleton         Necr           0%         N/A       45%         1
 Pain                     Necr           0%         1d4       45%         1
 Sandblast                Erth           0%         2d4       45%         1
 Passwall                 Tmut/Erth      0%         N/A       58%         2
 Frozen Ramparts          Ice            0%         1d2       83%         3
 Stone Arrow              Conj/Erth      0%         3d7       83%         3
 Vampiric Draining        Necr           0%         2d6       83%         3
 Ice Form                 Ice/Tmut       0%         N/A       99%         4
 Summon Ice Beast         Ice/Summ       0%         N/A       99%         4


Dungeon Overview and Level Annotations

Branches:
Dungeon (7/15)
 Temple: D:4-7

Altars:
Fedhas
Makhleb
Zin

Shops:
D:2 [   D:5 !

Annotations:
D:6 Harold


Innate Abilities, Weirdness & Mutations

You are too large for most types of armour.
You have claws for hands.
Your natural rate of healing is unusually fast.
You are covered in fur. (AC +1)
You have tough skin. (AC +1)


Message History

The mark upon you grows brighter.
You closely miss Harold.
Harold is heavily wounded.
Harold hits you with a +0 dire flail!
You hit Harold but do no damage.
Harold is heavily wounded.
Harold hits you but does no damage.
You hit Harold but do no damage.
Harold is heavily wounded.
Harold hits you with a +0 dire flail!
You barely miss Harold.
Harold is heavily wounded.
Harold hits you with a +0 dire flail!
You hit Harold but do no damage.
Harold is heavily wounded.
Harold closely misses you.
You barely miss Harold.
Harold is heavily wounded.
You hit Harold but do no damage.
Harold is heavily wounded.
Harold hits you with a +0 dire flail!
* * * LOW HITPOINT WARNING * * *
Harold completely misses you.
There is a stone staircase leading up, spattered with blood here.
You hit Harold.
Your weapon exudes an aura of protection.
Harold is heavily wounded.
Harold drinks a potion.
Harold is healed!
You hit Harold.
Harold is heavily wounded.
Harold hits you with a +0 dire flail!
* * * LOW HITPOINT WARNING * * *
Harold hits you with a +0 dire flail!
* * * LOW HITPOINT WARNING * * *
You climb upwards.
There is a stone staircase leading down, spattered with blood here.
Things that are here:
a +0 flail; a +0 giant club Harold hits you with a +0 dire flail!
You die...

#....#####.##..#.# #.#.#.#.#
#....[...#'##..#.# #.#.#.#..
#....#.#.#..#....# #.#.#.###
#....#...'..#.#..#### #...#.#
#†###########.#.....# #####.#
.....#.....)#.#..##.# #...#.#
.....#......#....##.#####.#.#.#
..#..#..##..#....##.....#.#.#.###
.....#..##..#..[@####...#.#.#.#..
.....†......#..@># #...#.#...###
######..).....#######...#.#####
########.......##.##.#...#
##......##.##.#.#.#
#......##.##.#.#.#
#......##.##.#.#.#
#......##.##...#.#
#......##..#####'#


You could see Harold.

Vanquished Creatures
  Grinder (D:2)
  A wraith (D:6)
  A shadow (D:6)
  A steam dragon (D:6)
  A water moccasin (D:5)
  An orc warrior (D:6)
  A sky beast (D:6)
  2 necrophages (D:6)
  3 ogres
  A centaur (D:6)
  A kobold brigand (D:6)
  A phantom (D:4)
  6 scorpions
  A water moccasin zombie (D:5)
  A water moccasin skeleton (D:4)
  A howler monkey (D:5)
  A crimson imp (D:5)
  A jelly (D:4)
  Crazy Yiuf (D:3)
  2 hounds
  4 orc priests
  A bullfrog skeleton (D:6)
  A centaur skeleton (D:7)
  2 iguanas (D:6)
  Terence (D:3)
  3 orc wizards
  A killer bee zombie (D:4)
  A hound skeleton (D:4)
  Robin (D:3)
  A howler monkey skeleton (D:6)
  8 adders
  2 white imps
  2 worms
  2 dart slugs
  12 orcs
  6 ball pythons
  An endoplasm (D:1)
  A giant cockroach (D:1)
  9 goblins
  11 hobgoblins
  5 jackals (D:1)
  9 kobolds
  4 quokkas
  6 bats
  2 frilled lizards
  7 rats
132 creatures vanquished.

Notes
Turn   | Place    | Note
-------+----------+-------------------------------------------
     0 | D:1      | issech the Troll Monk began the quest for the Orb.
     0 | D:1      | Reached XP level 1. HP: 22/22 MP: 0/0
   185 | D:1      | Reached XP level 2. HP: 29/29 MP: 1/1
   298 | D:1      | Reached skill level 3 in Maces & Flails
   575 | D:1      | Reached XP level 3. HP: 36/36 MP: 2/2
   967 | D:2      | Found Joism's Antique Armour Shop.
   999 | D:2      | Noticed Robin
  1066 | D:3      | Killed Robin
  1166 | D:2      | Reached XP level 4. HP: 39/44 MP: 3/3
  1658 | D:2      | Found a blossoming altar of Fedhas.
  1932 | D:3      | Noticed Terence
  1944 | D:3      | Killed Terence
  2175 | D:3      | Reached XP level 5. HP: 6/53 MP: 4/4
  2216 | D:3      | Reached skill level 4 in Maces & Flails
  2365 | D:3      | Found a faded altar of an unknown god.
  2377 | D:3      | Noticed Grinder
  2388 | D:3      | Paralysed by Grinder for 6 turns
  2456 | D:3      | Paralysed by Grinder for 4 turns
  2474 | D:3      | Paralysed by Grinder for 3 turns
  2508 | D:3      | Paralysed by Grinder for 5 turns
  2531 | D:3      | Paralysed by Grinder for 4 turns
  2542 | D:3      | Paralysed by Grinder for 4 turns
  2551 | D:2      | HP: 2/53 [Grinder (4)]
  2556 | D:2      | Paralysed by Grinder for 7 turns
  2628 | D:2      | Paralysed by Grinder for 2 turns
  2649 | D:2      | Killed Grinder
  2650 | D:2      | Reached XP level 6. HP: 20/62 MP: 5/5
  2813 | D:3      | Found a runed translucent door.
  2814 | D:3      | Noticed Crazy Yiuf
  2823 | D:3      | Killed Crazy Yiuf
  2944 | D:3      | Identified the +2 dagger of the Crushed Allies {vamp, *Rage
                  | rF+ Dex+5 SInv}
  3120 | D:4      | Reached XP level 7. HP: 70/70 MP: 6/6
  3351 | D:4      | Reached skill level 5 in Maces & Flails
  3370 | D:4      | Identified the +0 robe of Theory {Rampage rPois}
  4160 | D:5      | Entered Level 5 of the Dungeon
  4381 | D:5      | Reached skill level 6 in Maces & Flails
  4381 | D:5      | Reached XP level 8. HP: 79/79 MP: 7/7
  4436 | D:5      | Found Tecziriu's Distillery.
  4461 | D:5      | Bought a potion of might for 44 gold pieces
  4745 | D:5      | Found a glowing silver altar of Zin.
  4793 | D:5      | Reached skill level 5 in Dodging
  5157 | D:6      | Reached skill level 5 in Fighting
  5171 | D:6      | Found a burning altar of Makhleb.
  5190 | D:6      | Reached skill level 7 in Maces & Flails
  5909 | D:6      | Reached XP level 9. HP: 88/88 MP: 8/8
  5957 | D:6      | Reached skill level 8 in Maces & Flails
  6079 | D:7      | Noticed Harold
  6318 | D:7      | HP: 4/88 [Harold (17)]
  6320 | D:6      | Slain by Harold

Illustrated notes

Levels and vault maps discovered:
D:1:      scummos_arrival_hexagon, layout_basic
D:2:      layout_basic, serial_shops, shop, kennysheep_flooded_box,
          minmay_misc_feat_tiny, uniq_robin
D:3:      layout_basic, hellmonk_ecumenical_altar_pennies_from_heaven,
          uniq_grinder, uniq_crazy_yiuf_cottage, uniq_terence
D:4:      layout_layer_cave, minmay_checkerbox
D:5:      layout_rooms, mainiacjoe_overflow_paths, serial_shops,
          nicolae_shop_trees, minmay_fire_ice_demons
D:6:      minmay_clustersquares, layout_basic,
          mainiacjoe_overflow_concentric_impassable, roderic_serpentine_path
D:7:      layout_rooms, temple_pool_b, uniq_harold, uniq_maggie

Skill      XL: |  1  2  3  4  5  6  7  8  9 |
---------------+----------------------------+-----
Maces & Flails | 3 4 6 7 8 |  8.7
Fighting       | 3 4 5 |  5.6
Dodging        | 3 4 5 |  5.9
Stealth        | 2 |  2.1

Action                   |  1- 3 |  4- 6 |  7- 9 || total
-------------------------+-------+-------+-------++-------
Melee: Mace              |   136 |   196 |   402 ||   734
       Punch             |     2 |     4 |     8 ||    14
  Use: Scroll            |       |     3 |     1 ||     4
 Stab: Sleeping          |     4 |       |     2 ||     6
       Distracted        |       |     1 |       ||     1
Armor: Robe              |    65 |       |       ||    65
       Animal skin       |     6 |    96 |   204 ||   306
Dodge: Dodged            |    92 |   116 |   234 ||   442
